 Dungeon Crawl Stone Soup version 0.21-a0-70-g32e1473 (webtiles) character file.

46 Manul the Magician (level 3, 0/26 HPs)
             Began as a Gnoll Wanderer on June 18, 2017.
             Succumbed to an adder's poison
             ... on level 2 of the Dungeon.
             The game lasted 00:01:18 (1442 turns).

Manul the Magician (Gnoll Wanderer)                 Turns: 1442, Time: 00:01:19

Health: 0/26       AC:  2    Str:  9    XL:     3   Next: 68%
Magic:  10/10      EV: 12    Int: 13    God:
Gold:   60         SH:  0    Dex: 17    Spells: 14/14 levels left

rFire    . . .     SeeInvis .   a - +2 spear
rCold    . . .     Gourm    .   (no shield)
rNeg     . . .     Faith    .   d - +0 robe
rPois    .         Spirit   .   (helmet restricted)
rElec    .         Reflect  .   (no cloak)
rCorr    .         Harm     .   (no gloves)
MR       .....                  (no boots)
Stlth    +++.......             (no amulet)
HPRegen  0.08/turn              (no ring)
MPRegen  0.12/turn              (no ring)

@: lethally poisoned (0 -> -5)
A: short attention span, fangs 1, horns 1, agile 1, strong nose
a: no special abilities


You were on level 2 of the Dungeon.
You were hungry.

You visited 1 branch of the dungeon, and saw 2 of its levels.

You collected 60 gold pieces.

Inventory:

Hand Weapons
 a - a +2 spear (weapon)
 e - a +0 dagger
Armour
 d - a +0 robe (worn)
Jewellery
 g - an uncursed amulet of harm {unknown}
Scrolls
 i - a scroll of noise {unknown}
 m - a scroll of fog {unknown}
 o - 4 scrolls of identify {unknown}
 p - 2 scrolls of remove curse {unknown}
 q - a scroll of immolation {unknown}
Books
 c - the Tome of Snow

   Spells                             Type                      Level
   a - Throw Frost                    Conjuration/Ice              2
   b - Ensorcelled Hibernation        Hexes/Ice                    2
Comestibles
 f - 2 bread rations
 h - 2 meat rations
 j - a royal jelly


   Skills:
 + Level 1.2 Fighting
 + Level 3.0 Polearms
 + Level 1.9 Dodging
 + Level 4.0 Stealth
   Level 1.7 Shields
 - Level 6.2 Spellcasting
   Level 1.7 Translocations
   Level 1.7 Ice Magic


You had 14 spell levels left.
You didn't know any spells.

Dungeon Overview and Level Annotations

Branches:
Dungeon (2/15)

Altars:
Xom
The Shining One


Innate Abilities, Weirdness & Mutations

You have a short attention span.
You have very sharp teeth.
Your uncanny sense of smell can sniff out nearby items.
You have a pair of small horns on your head.
You are agile. (Dex +2)


Message History

The adder poisons you!
You hit the adder.
You kill the adder!
Your Polearms skill increases to level 3!
Your Stealth skill increases to level 4!
* * * LOW HITPOINT WARNING * * *
You feel sick.
You see here an adder corpse.
* * * LOW HITPOINT WARNING * * *
You feel sick.
* * * LOW HITPOINT WARNING * * *
You feel sick.
* * * LOW HITPOINT WARNING * * *
You feel sick.
* * * LOW HITPOINT WARNING * * *
You feel sick.
* * * LOW HITPOINT WARNING * * *
You feel sick.
Unknown command.
You die...

### ########## #.#
#..@.)...# #.#
#...._...# #.#
#........# #.##
#......<.# #..##
#........# #...#
#........# #...# ##
########..#.### ##..#
#.
.......#.##.#######..#
#. .
#............#..###.


There were no monsters in sight!

Vanquished Creatures
  3 adders (D:2)
  A giant cockroach (D:1)
  A goblin (D:1)
  5 hobgoblins
  3 bats
  2 frilled lizards
  5 kobolds
  2 rats
22 creatures vanquished.

Notes
Turn   | Place    | Note
-------+----------+-------------------------------------------
     0 | D:1      | Manul the Gnoll Wanderer began the quest for the Orb.
     0 | D:1      | Manul set off with: a +2 spear, a potion of lignification, the Tome of Snow, a +0 robe, a +0 dagger, a bread ration
     0 | D:1      | Reached XP level 1. HP: 13/13 MP: 6/6
   121 | D:1      | Reached skill level 6 in Spellcasting
   121 | D:1      | Reached XP level 2. HP: 8/19 MP: 9/9
   943 | D:2      | Found a glowing golden altar of the Shining One.
   988 | D:2      | Reached XP level 3. HP: 12/25 MP: 10/10
  1328 | D:2      | Found a shimmering altar of Xom.
  1355 | D:2      | Gained mutation: You are partially covered in iridescent scales. (AC +2) [potion of mutation]
  1355 | D:2      | Gained mutation: You are resistant to hostile enchantments. (MR+) [potion of mutation]
  1368 | D:2      | Reached skill level 1 in Fighting
  1424 | D:2      | Lost mutation: You are partially covered in iridescent scales. (AC +2) [potion of mutation]
  1424 | D:2      | Lost mutation: You are resistant to hostile enchantments. (MR+) [potion of mutation]
  1424 | D:2      | Gained mutation: You have a pair of small horns on your head. [potion of mutation]
  1424 | D:2      | Gained mutation: You are agile. (Dex +2) [potion of mutation]
  1439 | D:2      | HP: 1/26 [poisoned by an adder]
  1442 | D:2      | Succumbed to an adder's poison

Vault maps used:
D:1:      minmay_arrival_open_corners
D:2:      xom_butterflies, nicolae_tso_carved_into_rock

Skill      XL: |  1  2  3 |
---------------+----------+-----
Spellcasting   | 6 |  6.2
Polearms       | 2 3 |  3.0
Fighting       | 1 |  1.2
Stealth        | 4 |  4.0
Dodging        | |  1.9
Shields        | |  1.7
Translocations | |  1.7
Ice Magic      | |  1.7

Action                   || total
-------------------------++-------
Melee: Spear             ||    76
       Bite              ||     1
  Use: Potion            ||     6
 Stab: Distracted        ||     1
       Sleeping          ||     4
  Eat: Chunk             ||     1
Armor: Robe              ||     8
       Skin              ||     1
Dodge: Dodged            ||    28
